 Dungeon Crawl Stone Soup version 0.23-a0-650-ga4d50d4 (webtiles) character file.

18 zishaf the Sneak (level 2, -4/15 HPs)
             Began as a Vine Stalker Assassin on Jan 3, 2019.
             Slain by Sigmund
             ... wielding a cursed -1 scythe
              (7 damage)
             ... on level 2 of the Dungeon.
             The game lasted 00:01:30 (939 turns).

zishaf the Sneak (Vine Stalker Assassin)             Turns: 939, Time: 00:01:31

Health: -4/15      AC:  6    Str: 13    XL:     2   Next: 70%
Magic:  0/3        EV: 10    Int: 11    God:
Gold:   40         SH:  0    Dex: 15    Spells: 1/1 levels left

rFire    . . .     SeeInvis .   a - +2 dagger
rCold    . . .     Gourm    .   (no shield)
rNeg     . . .     Faith    .   l - +0 ring mail (curse)
rPois    .         Spirit   +   (no helmet)
rElec    .         Reflect  .   d - +0 cloak
rCorr    .         Harm     .   (no gloves)
MR       .....                  (no boots)
Stlth    ++........             (no amulet)
HPRegen  0.05/turn              (no ring)
MPRegen  0.08/turn              (no ring)

@: no status effects
A: fangs 2, magic shield, antimagic bite, no potion heal 3, rot immunity
a: no special abilities


You were on level 2 of the Dungeon.
You were not hungry.

You visited 1 branch of the dungeon, and saw 2 of its levels.

You collected 40 gold pieces.

Inventory:

Hand Weapons
 a - a +2 dagger (weapon)
 b - a +0 blowgun
Missiles
 e - 8 poisoned needles
 f - 2 curare-tipped needles
Armour
 d - a +0 cloak (worn)
 l - a cursed +0 ring mail (worn)
Scrolls
 c - a scroll of identify {unknown}
 i - a scroll of amnesia {unknown}
 k - a scroll of fog {unknown}
 n - a scroll of random uselessness {unknown}
Potions
 j - a potion of brilliance {unknown}
 m - a potion of curing {unknown}
Comestibles
 g - 2 rations
 h - 5 chunks of flesh


   Skills:
 + Level 2.1 Fighting
 + Level 2.1 Short Blades
 - Level 2.0 Throwing
 - Level 1.0 Dodging
 - Level 5.0 Stealth


You had one spell level left.
You didn't know any spells.
Your spell library was empty.

Dungeon Overview and Level Annotations

Branches:
Dungeon (2/15)

Altars:

Annotations:
D:2 Sigmund


Innate Abilities, Weirdness & Mutations

You have extremely sharp teeth.
When hurt, damage is shared between your health and your magic reserves.
Your bite disrupts and absorbs the magic of your enemies.
Potions cannot restore your health.
You are immune to rotting.


Message History

You kill the jackal!
The bat hits you but does no damage.
You miss the bat. Your bite misses the bat.
The bat hits you but does no damage. The bat closely misses you.
You hit the bat.
The bat is moderately wounded.
The bat closely misses you. The bat hits you but does no damage.
Something hits you.
* * * LOW HITPOINT WARNING * * *
You are too injured to fight recklessly!
You are too injured to fight recklessly!
You are too injured to fight recklessly!
You hit the jackal.
The jackal is almost dead.
The jackal bites you but does no damage.
You completely miss the jackal. You bite the jackal, but do no damage.
The jackal is almost dead.
The jackal bites you but does no damage.
Something hits you!
You die...

............#
........###h##
.... #..#
#.######..#
#......#..#
#.####.#..#
#.....b...# .#
######h#..##.#
#@#..##.#
#.#...#.#
#.#...#.#
#.....#.#
####....#
+....#..#######
######..##....#
##>......+
########....#


You could see a jackal and a bat.

Vanquished Creatures
  A leopard gecko (D:1)
  4 goblins (D:1)
  3 hobgoblins (D:1)
  A jackal (D:2)
  2 kobolds (D:1)
  2 ball pythons (D:1)
  A frilled lizard (D:1)
  3 rats (D:1)
17 creatures vanquished.

Notes
Turn   | Place    | Note
-------+----------+-------------------------------------------
     0 | D:1      | zishaf the Vine Stalker Assassin began the quest for the
                  | Orb.
     0 | D:1      | Reached XP level 1. HP: 11/11 MP: 2/2
   296 | D:1      | Reached skill level 1 in Dodging
   296 | D:1      | Reached XP level 2. HP: 10/15 MP: 0/3
   412 | D:1      | Reached skill level 5 in Stealth
   907 | D:2      | Noticed Sigmund
   939 | D:2      | Slain by Sigmund

Vault maps used:
D:1:      tarquinn_simple_flora_water_e, serial_bayou_pond_d
D:2:      lemuel_doored_altar, uniq_sigmund

Skill      XL: |  1  2 |
---------------+-------+-----
Dodging        | 1 |  1.0
Fighting       | 2 |  2.1
Throwing       | 2 |  2.0
Stealth        | 5 |  5.0
Short Blades   | 2 |  2.1

Action                   || total
-------------------------++-------
Melee: Dagger            ||    51
       Bite              ||     9
 Stab: Sleeping          ||     2
Armor: Robe              ||     5
       Ring mail         ||    27
Dodge: Dodged            ||    31

Table legend:
 A = Non-vault XP
 B = Vault XP
 C = Vault XP percentage of total XP
 D = Non-vault monster count
 E = Vault monster count
 F = Vault count percentage of total count
                 A         B        C        D         E       F
            +---------+---------+-------+---------+---------+-------
      Total |      27 |       0 |   0.0 |      17 |       0 |   0.0
            +---------+---------+-------+---------+---------+-------
        D:1 |      25 |       0 |   0.0 |      16 |       0 |   0.0
        D:2 |       2 |       0 |   0.0 |       1 |       0 |   0.0
            +---------+---------+-------+---------+---------+-------
